Map: Agria Valley

Players

Player 2

  • Race: Zerg Zerg
  • Spawn Location: 5:00

NamroodTuo - Winner!

  • Race: Terran Terran
  • Spawn Location: 11:00

VOD

Have the link to the VOD?

Description

Time

  • Played on: Jan. 20, 2023, 1:41 p.m.
  • Length: 9:44
Show
View Real Time Build Order
Export as new Build Order

Player 2 Zerg 

Build Orders: 1 Base Baneling Bust, Pool First 

Get SALT Encoding   

  12  0:01  Drone  
  12  0:03  Unknown  
  13  0:12  Overlord  
  13  0:18  Drone  
  14  0:30  Drone  
  14  0:32  Drone  
  16  0:44  Spawning Pool  
  16  0:46  Drone  
  16  0:50  Drone  
  16  0:53  Extractor  
  16  0:55  Drone  
  17  1:04  Overlord  
  17  1:17  Zergling x2  
  18  1:29  Zergling x2  
  19  1:36  Drone  
  19  1:38  Baneling Nest  
  19  1:40  Queen  
  19  1:47  Drone  
  19  1:50  Roach Warren  
  19  1:58  Drone  
  22  2:08  Zergling x2  
  23  2:19  Drone  
  24  2:29  Overlord  
  24  2:40  Drone  
  24  2:42  Extractor  
  24  2:48  Evolution Chamber  
  24  2:50  Drone, Zergling x4  
  24  2:51  Drone, Zergling x2  
  28  3:02  Drone  
  29  3:13  Drone  
  29  3:15  Metabolic Boost  
  29  3:18  Drone  
  29  3:19  Overlord  
  31  3:20  Drone  
  31  3:21  Drone  
  31  3:23  Drone  
  34  3:44  Lair  
  34  3:51  Roach  
  34  3:52  Zerg Melee Weapons Level 1  
  34  3:54  Overlord  
  36  3:59  Roach  
  37  4:48  Hydralisk Den  
  37  4:49  Drone  
  37  4:55  Roach  
  39  5:02  Roach  
  39  5:03  Drone, Spore Crawler  
  41  5:09  Roach  
  41  5:11  Spore Crawler  
  41  5:12  Drone  
  43  5:14  Hydralisk  
  43  5:15  Overlord  
  45  5:21  Hydralisk  
  47  5:29  Hydralisk  
  49  5:36  Hydralisk, Spine Crawler  
  49  5:37  Drone  
  49  5:40  Drone, Spine Crawler  
  51  5:43  Muscular Augments  
  51  5:46  Zerg Missile Weapons Level 1  
  51  5:51  Overseer  
  51  5:55  Queen  
  53  6:20  Evolution Chamber  
  53  6:21  Drone  
  53  6:29  Hatchery  
  52  6:33  Unknown, Infestation Pit  
  52  6:34  Drone  
  52  6:36  Roach  
  47  6:43  Zergling x2  
  40  6:51  Zergling x2  
  35  6:58  Roach  
  35  7:02  Hydralisk  
  35  7:06  Queen  
  34  7:09  Hydralisk  
  35  7:20  Roach  
  35  7:21  Drone  
  35  7:24  Hydralisk  
  35  7:29  Extractor  
  30  7:37  Zergling x2  
  30  7:39  Drone  
  30  7:43  Drone  
  28  7:46  Drone  
  10  8:30  Overlord  
  6  8:43  Spawning Pool  
  5  9:00  Drone  
  5  9:03  Drone  
  5  9:06  Drone x3  
Show
View Real Time Build Order
Export as new Build Order

NamroodTuo Terran - Winner!

Build Orders:  

Get SALT Encoding   

  12  0:00  Unknown x2, SCV  
  12  0:03  Unknown  
  13  0:08  SCV  
  14  0:17  SCV  
  15  0:23  Supply Depot  
  15  0:38  Factory  
  15  0:46  Refinery  
  15  0:49  SCV, Refinery  
  16  0:58  SCV  
  17  1:08  SCV  
  18  1:18  SCV  
  19  1:27  SCV  
  19  1:32  Supply Depot  
  20  1:37  SCV  
  21  1:47  SCV  
  22  1:56  SCV  
  22  1:59  Unknown  
  23  2:06  Unknown, SCV  
  24  2:16  SCV  
  25  2:25  SCV  
  25  2:27  Unknown  
  26  2:35  SCV  
  26  2:37  Unknown  
  27  2:45  SCV  
  28  3:02  Armory  
  28  3:07  Supply Depot  
  28  3:21  Supply Depot  
  28  3:41  SCV  
  29  3:54  Unknown  
  29  3:55  Unknown  
  29  3:59  Unknown  
  29  4:03  Unknown  
  29  4:08  Unknown  
  29  4:19  Supply Depot  
  29  4:21  Supply Depot  
  29  4:22  Unknown  
  29  4:36  Thor  
  35  4:55  Factory  
  35  5:09  Unknown  
  35  5:17  Unknown  
  35  5:36  Cyclone  
  35  5:42  Cyclone  
  41  6:19  Thor  
  35  6:47  Unknown  
  41  7:19  Thor  
  41  7:51  Unknown  
  41  8:11  Unknown x6  
  41  8:27  Unknown  
Tags
 
Add a new tag
Caveats
  • Supply blocks, unpowered buildings, or Contaminate may cause inaccurate times.
  • Supply counts are checked every 10 seconds.